 Dungeon Sprint DCSS version 0.23.2-30-g0e89c35649 (webtiles) character file.

Game seed: 815515437388789944

1489 Kobolds4U the Fencer (level 8, -2/127 HPs)
             Began as a Minotaur Berserker on June 12, 2019.
             Was an Elder of Trog.
             Slain by a demonic crawler (3 damage)
             ... in the Dungeon (Sprint I: "Red Sonja").
             The game lasted 00:01:42 (671 turns).

Kobolds4U the Fencer (Minotaur Berserker)            Turns: 671, Time: 00:01:42

Health: -2/127     AC:  3    Str: 26    XL:     8   Next: 51%
Magic:  7/7        EV: 16    Int:  4    God:    Trog [****..]
Gold:   405        SH:  0    Dex: 13    Spells: 7/7 levels left

rFire    . . .     SeeInvis .   a - +0 falchion
rCold    . . .     Gourm    .   (no shield)
rNeg     . . .     Faith    .   k - +0 leather armour
rPois    .         Spirit   .   (helmet restricted)
rElec    .         Reflect  .   (no cloak)
rCorr    .         Harm     .   (no gloves)
MR       ++...     NoTele   +   (no boots)
Stlth    ..........             (no amulet)
HPRegen  1.31/turn              (no ring)
MPRegen  0.10/turn              (no ring)

@: berserking, regenerating, very quick
A: retaliatory headbutt, horns 2
a: Berserk, Trog's Hand, Brothers in Arms, Renounce Religion


You were in the Dungeon.
You worshipped Trog.
Trog was greatly pleased with you.
You were hungry.

You visited 1 branch You collected 405 gold pieces.

Inventory:

Hand Weapons
 a - a +0 falchion (weapon)
Armour
 k - a +0 leather armour (worn)
Scrolls
 i - a scroll of blinking
Potions
 d - a potion of curing
 e - a potion of heal wounds
 f - a potion of haste
 g - 2 potions of magic
 h - a potion of berserk rage
Comestibles
 b - 3 chunks of flesh
 c - a ration


   Skills:
 + Level 12.9 Fighting
 + Level 16.0 Long Blades
 - Level 2.4 Armour
 + Level 8.5 Dodging


You had 7 spell levels left.
You didn't know any spells.
Your spell library was empty.

Dungeon Overview and Level Annotations

Branches:
Dungeon (1/1)

Altars:
Cheibriados
Dithmenos
Elyvilon
Fedhas
Gozag
Hepliaklqana
Kikubaaqudgha
Makhleb
Nemelex Xobeh
Okawaru
Qazlal
Ru
Sif Muna
Trog
Uskayaw
Vehumet
Wu Jian
Xom
Yredelemnul
Zin
The Shining One
Jiyva
Lugonu

Shops:
D :


Innate Abilities, Weirdness & Mutations

You reflexively headbutt those who attack you in melee.
You have a pair of horns on your head.


Message History

The demonic crawler closely misses you. The demonic crawler barely misses you.
You furiously retaliate!
You headbutt the demonic crawler. The demonic crawler hits you!
* * * LOW HITPOINT WARNING * * *
The demonic crawler hits you.
* * * LOW HITPOINT WARNING * * *
The demonic crawler barely misses you. The demonic crawler hits you.
* * * LOW HITPOINT WARNING * * *
The demonic crawler hits you.
* * * LOW HITPOINT WARNING * * *
There is an open door, spattered with blood here.
You barely miss the demonic crawler.
The demonic crawler is severely wounded.
The demonic crawler completely misses you.
You riposte.
You hit the demonic crawler but do no damage.
The demonic crawler hits you!
* * * LOW HITPOINT WARNING * * *
The demonic crawler hits you.
You die...

#################
#..'..#__#..'.).#
').#..'..'..#).s##+#
#####'#__####...@s.#
#...#)#### #####s.+
#..##)# +## ##'#_.+
.รท..._# ##_.#'#
###+#(# # ###


You could see 3 demonic crawlers.

Vanquished Creatures
  2 kobold demonologists (D)
  A demonic crawler (D)
  A slime creature (D)
  Sigmund (D)
  A yak (D)
  A floating eye (D)
  An ogre (D)
  A jelly (D)
  Ijyb (D)
10 creatures vanquished.

Notes
Turn   | Place    | Note
-------+----------+-------------------------------------------
     0 | D        | Kobolds4U the Minotaur Berserker began the quest for the
                  | Orb.
     0 | D        | Reached XP level 1. HP: 19/19 MP: 0/0
     1 | D        | Noticed Ijyb
    11 | D        | Killed Ijyb
    11 | D        | Reached skill level 5 in Fighting
    11 | D        | Reached skill level 6 in Long Blades
    11 | D        | Reached XP level 2. HP: 25/29 MP: 1/1
    52 | D        | Noticed an ogre
    56 | D        | Killed an ogre
    56 | D        | Reached skill level 9 in Long Blades
    56 | D        | Reached XP level 3. HP: 30/39 MP: 2/2
    56 | D        | Reached XP level 4. HP: 36/47 MP: 3/3
   198 | D        | Noticed Sigmund
   219 | D        | Killed Sigmund
   219 | D        | Reached ** piety under Trog
   219 | D        | Reached skill level 12 in Long Blades
   219 | D        | Reached XP level 5. HP: 20/57 MP: 4/4
   219 | D        | Reached XP level 6. HP: 22/64 MP: 5/5
   435 | D        | Found an ornate altar of the Wu Jian Council.
   435 | D        | Found a deep blue altar of Sif Muna.
   437 | D        | Found a radiant altar of Vehumet.
   446 | D        | Found Sych's Book Emporium.
   446 | D        | Found an ancient bone altar of Kikubaaqudgha.
   446 | D        | Found a hazy altar of Hepliaklqana.
   446 | D        | Found a stormy altar of Qazlal.
   446 | D        | Found a hide-covered altar of Uskayaw.
   446 | D        | Found a blossoming altar of Fedhas.
   446 | D        | Found a bloodstained altar of Trog.
   446 | D        | Found an iron altar of Okawaru.
   446 | D        | Found a basalt altar of Yredelemnul.
   446 | D        | Found a glowing golden altar of the Shining One.
   446 | D        | Found a snail-covered altar of Cheibriados.
   446 | D        | Found a sacrificial altar of Ru.
   446 | D        | Found a glowing silver altar of Zin.
   446 | D        | Found a shadowy altar of Dithmenos.
   446 | D        | Found a white marble altar of Elyvilon.
   446 | D        | Noticed a yak
   452 | D        | Killed a yak
   452 | D        | Reached skill level 10 in Fighting
   452 | D        | Reached skill level 13 in Long Blades
   453 | D        | Found an opulent altar of Gozag.
   456 | D        | Found a sparkling altar of Nemelex Xobeh.
   595 | D        | Found a burning altar of Makhleb.
   595 | D        | Found a viscous altar of Jiyva.
   595 | D        | Found a shimmering altar of Xom.
   595 | D        | Found a corrupted altar of Lugonu.
   595 | D        | Noticed a slime creature
   602 | D        | Killed a slime creature
   602 | D        | Reached *** piety under Trog
   602 | D        | Reached skill level 14 in Long Blades
   602 | D        | Reached XP level 7. HP: 74/74 MP: 6/6
   616 | D        | Noticed a kobold demonologist
   616 | D        | Noticed a kobold demonologist
   617 | D        | Paralysed by a floating eye for 2 turns
   620 | D        | Reached skill level 15 in Long Blades
   624 | D        | Killed a kobold demonologist
   624 | D        | Reached XP level 8. HP: 83/83 MP: 7/7
   627 | D        | Killed a kobold demonologist
   627 | D        | Reached **** piety under Trog
   658 | D        | Noticed a demonic crawler
   658 | D        | Noticed a demonic crawler
   658 | D        | Noticed a demonic crawler
   658 | D        | Noticed a demonic crawler
   667 | D        | Killed a demonic crawler
   667 | D        | Reached skill level 16 in Long Blades
   671 | D        | HP: 1/127 [demonic crawler (7)]
   671 | D        | Slain by a demonic crawler

Skill      XL: |  1  2  3  4  5  6  7  8 |
---------------+-------------------------+-----
Fighting       | 5 7 9 11 12 | 12.9
Long Blades    | 6 9 12 14 15 16 | 16.0
Dodging        | 6 8 |  8.5
Armour         | |  2.4

Action                   |  1- 3 |  4- 6 |  7- 9 || total
-------------------------+-------+-------+-------++-------
Melee: Falchion          |    12 |    25 |    14 ||    51
       Headbutt          |     5 |    10 |     8 ||    23
Invok: Berserk           |     1 |       |     2 ||     3
       Trog's Hand       |       |       |     1 ||     1
  Eat: Chunk             |       |       |     1 ||     1
Armor: Animal skin       |     4 |       |       ||     4
       Leather armour    |       |     2 |    10 ||    12
Dodge: Dodged            |     3 |    10 |    21 ||    34
       Rpst.: Falchion   |       |     2 |     4 ||     6
